 Dungeon Crawl Stone Soup version 0.28.0-62-gf88900778d (webtiles) character file.

Game seed: 15135754029739294044

22953 cbfl8 the Severer (level 12, -3/97 HPs)
             Began as a Minotaur Fighter on Sept 8, 2023.
             Was an Elder of Hepliaklqana.
             Slain by Jorgrun
             ... wielding a +0 vorpal quarterstaff
              (12 damage)
             ... on level 12 of the Dungeon.
             The game lasted 00:15:13 (14553 turns).

cbfl8 the Severer (Minotaur Fighter)               Turns: 14553, Time: 00:15:13

Health: -3/97      AC: 17    Str: 29    XL:     12   Next: 67%
Magic:  11/11      EV:  8    Int:  6    God:    Hepliaklqana [****..]
Gold:   376        SH:  8    Dex: 13    Spells: 11/11 levels left

rFire   . . .      SeeInvis .   z - +3 broad axe "Arenis" {vorpal, rN+ rCorr Str+6 Int-5 Stlth+}
rCold   . . .      Faith    .   J - +2 buckler
rNeg    + . .      Spirit   .   q - +0 chain mail
rPois   .          Reflect  .   (helmet restricted)
rElec   .          Harm     .   N - +0 cloak
rCorr   +          Rampage  .   L - +0 pair of gloves
Will    +++..                   C - +0 pair of boots {Fly}
Stlth   ..........              w - amulet of regeneration
HPRegen 1.06/turn               e - +6 ring of intelligence
MPRegen 0.12/turn               g - ring of willpower

@: flying
A: reduced essence, horns 2, retaliatory headbutt, strong-willed 2
a: Renounce Religion, Recall Ancestor, Ancestor Identity, Transference, Idealise


You were on level 12 of the Dungeon.
You worshipped Hepliaklqana.
Hepliaklqana was greatly pleased with you.
You visited 2 branches of the dungeon, and saw 13 of its levels.
You also visited: Bailey.

You collected 1222 gold pieces.
You spent 846 gold pieces at shops.

Inventory:

Hand Weapons
 z - the +3 broad axe "Arenis" (weapon) {vorpal, rN+ rCorr Str+6 Int-5 Stlth+}
   (You bought it in a shop on level 5 of the Dungeon)

   It inflicts extra damage upon your enemies.
   Str:       It affects your strength (+6).
   Int:       It affects your intelligence (-5).
   rN:        It protects you from negative energy.
   rCorr:     It protects you from acid and corrosion.
   Stlth:     It makes you more stealthy.
 E - a +4 war axe
Missiles
 k - 2 throwing nets
Armour
 q - a +0 chain mail (worn)
 C - a +0 pair of boots of flying (worn)
 J - a +2 buckler (worn)
 L - a +0 pair of gloves (worn)
 N - a +0 cloak (worn)
Jewellery
 e - a +6 ring of intelligence (left hand)
 g - a ring of willpower (right hand)
 w - an amulet of regeneration (around neck)
 x - a ring of positive energy
Wands
 c - a wand of flame (19)
 F - a wand of iceblast (26)
 I - a wand of mindburst (3) (quivered)
 O - a wand of charming (5)
Scrolls
 a - a scroll of noise {unknown}
 b - a scroll of enchant armour {unknown}
 f - 4 scrolls of enchant weapon
 h - 2 scrolls of silence
 i - a scroll of immolation {unknown}
 m - a scroll of blinking {unknown}
 n - 3 scrolls of teleportation
 o - a scroll of holy word
 r - a scroll of amnesia {unknown}
 t - 2 scrolls of fear
 v - 2 scrolls of summoning
 y - 3 scrolls of fog {unknown}
Potions
 d - 2 potions of might
 j - 6 potions of flight
 l - 2 potions of lignification {unknown}
 p - a potion of degeneration {unknown}
 s - 2 potions of mutation
 u - 7 potions of ambrosia
 B - a potion of magic {unknown}
 D - 7 potions of brilliance {unknown}
 G - 2 potions of curing
 H - a potion of haste
 K - a potion of berserk rage {unknown}
 M - 2 potions of cancellation {unknown}
Miscellaneous
 A - a box of beasts


   Skills:
 + Level 10.8 Fighting
 + Level 15.5 Axes
 + Level 12.1 Armour
 + Level 8.0 Shields
 * Level 9.0 Evocations


You had 11 spell levels left.
You didn't know any spells.
Your spell library contained the following spells:

 Spells                   Type           Power      Damage    Failure   Level
 Magic Dart               Conj           0%         1d3       93%         1
 Call Imp                 Summ           0%         N/A       98%         2
 Corpse Rot               Necr/Air       0%         N/A       98%         2
 Static Discharge         Conj/Air       0%         N/A       98%         2
 Gell's Gravitas          Tloc           0%         N/A       100%        3
 Lesser Beckoning         Tloc           0%         N/A       100%        3
 Mephitic Cloud           Conj/Pois/Air  0%         N/A       100%        3
 Portal Projectile        Hex/Tloc       0%         N/A       100%        3
 Teleport Other           Tloc           0%         N/A       100%        3
 Dispel Undead            Necr           0%         3d6       100%        4
 Sticky Flame             Conj/Fire      0%         2d3       100%        4
 Blade Hands              Tmut           0%         N/A       100%        5
 Borgnjor's Vile Clutch   Necr/Erth      0%         N/A       100%        5
 Excruciating Wounds      Necr           0%         N/A       100%        5
 Summon Forest            Summ/Tloc      0%         N/A       100%        5
 Death Channel            Necr           0%         N/A       100%        6
 Haunt                    Necr/Summ      0%         N/A       100%        7


Dungeon Overview and Level Annotations

Branches:
Dungeon (12/15)            Temple (1/1) D:4            Lair (0/6) D:9
    Orc (0/2) D:9          Bailey (visited)

Altars:
Elyvilon
Gozag
Hepliaklqana
Kikubaaqudgha
Makhleb
Nemelex Xobeh
Okawaru
Qazlal
Sif Muna
Uskayaw
Vehumet
Wu Jian
Xom
Yredelemnul
Zin
The Shining One
Beogh

Shops:
D:4 =[   D:5 (([!   D:10 *

Portals:
Trove: D:10 (give 6 scrolls of fog)

Annotations:
D:12 Jorgrun


Innate Abilities, Weirdness & Mutations

Your life essence is reduced to manifest your ancestor. (-10% HP)
You have a pair of horns on your head.
You reflexively headbutt those who attack you in melee.
You are highly strong-willed. (Will++)


Message History

You slash Jorgrun!
Jorgrun is moderately wounded.
Valentine misses Jorgrun.
Jorgrun hits you but does no damage.
You hit Jorgrun. You headbutt Jorgrun!
Jorgrun is moderately wounded.
Valentine barely misses Jorgrun.
You barely miss Jorgrun. You headbutt Jorgrun!
Jorgrun is heavily wounded.
You block Jorgrun's attack.
Valentine hits Jorgrun with a +0 quarterstaff!
You miss Jorgrun.
Jorgrun is heavily wounded.
Jorgrun hits you with a +0 vorpal quarterstaff!
Valentine hits Jorgrun with a +0 quarterstaff!
You hit Jorgrun.
Jorgrun is severely wounded.
Jorgrun hits you with a +0 vorpal quarterstaff.
Valentine hits Jorgrun with a +0 quarterstaff!
Aiming: Mindburst
Press: ? - help, Q - select action, (/) - cycle Shift-Dir - straight line, f - Jorgrun
Aim: Jorgrun, wielding a +0 vorpal quarterstaff and wearing a +0 robe (severely wounded, ally target, chance to affect: 14%) Jorgrun resists with almost no effort.
Jorgrun hits you with a +0 vorpal quarterstaff!
* * * LOW HITPOINT WARNING * * *
x2 Valentine hits Jorgrun with a +0 quarterstaff!!
Unknown command.
Aiming: Mindburst
Press: ? - help, Q - select action, (/) - cycle Shift-Dir - straight line, f/p - Jorgrun
Aim: Jorgrun, wielding a +0 vorpal quarterstaff and wearing a +0 robe (almost dead, ally target, chance to affect: 14%) Jorgrun resists with almost no effort.
Jorgrun casts a spell at you. The iron shot hits you.
* * * LOW HITPOINT WARNING * * *
Valentine hits Jorgrun with a +0 quarterstaff.
Aiming: Mindburst
Press: ? - help, Q - select action, (/) - cycle Shift-Dir - straight line, f/p - Jorgrun
Aim: Jorgrun, wielding a +0 vorpal quarterstaff and wearing a +0 robe (almost dead, ally target, chance to affect: 14%) Jorgrun resists with almost no effort.
Jorgrun hits you with a +0 vorpal quarterstaff!
You die...

#.## .. ##..>.. #>..#.
#.... #..)#
#.........#
#..###.........#
#..............# #.
####..###.#.......# #.
#....@R.#.#..##.#.# #.
#.##.g#.#..(....#.###.
# #..#.#...........#.
#.........#..###.#.
##.#.#.........#.#.
..#.#..#.#..#†#.#.
#...#..#.#........
.[###.......###### .#
#.####..#


You could see the friendly Valentine the battlemage and Jorgrun (ally target).

Vanquished Creatures
  2 hydras (D:12)
  Harold (D:10)
  4 two-headed ogres
  A boulder beetle (D:11)
  Sonja (D:10)
  An ugly thing (D:11)
  2 deep elf pyromancers (D:12)
  Pikel (D:7)
  A cyclops (D:12)
  A manticore (D:12)
  Maurice (D:10)
  A gargoyle (D:12)
  An unseen horror (D:10)
  2 trolls
  A queen bee (D:9)
  Prince Ribbit (D:5)
  3 slime creatures (D:12)
  5 wraiths
  Eustachio (D:6)
  14 yaks
  2 vampire mosquitoes (D:11)
  Menkaure (D:7)
  6 water moccasins
  2 acid dragons (D:11)
  5 orc warriors (Bailey)
  2 sky beasts
  An ice beast (D:5)
  A necrophage (D:6)
  5 centaurs
  A lemure (D:7)
  A phantom (D:7)
  3 kobold brigands
  5 bullfrogs
  A gnoll sergeant (D:10)
  7 scorpions
  23 killer bees (D:9)
  5 howler monkeys
  6 wights (D:8)
  3 centaur zombies
  8 crimson imps (D:8)
  2 jellies
  6 orc priests
  6 hounds
  A gnoll shaman (D:9)
  An iguana (D:7)
  2 orc wizards
  A hound skeleton (D:4)
  2 howler monkey zombies
  3 adders
  8 gnolls
  A shadow imp (D:8)
  2 white imps
  3 worms
  4 dart slugs
  24 orcs
  2 endoplasms (D:1)
  3 giant cockroaches
  10 goblins
  10 hobgoblins
  4 jackals (D:1)
  A quokka (D:2)
  5 ball pythons
  5 bats
  4 frilled lizards
  21 kobolds
  7 rats
271 creatures vanquished.

Vanquished Creatures (collateral kills)
  2 two-headed ogres
  Nergalle (D:10)
  A slime creature (D:12)
  A meliai zombie (D:11)
  A wyvern (D:11)
  3 yaks
  2 water moccasins
  An orc warrior (D:6)
  An ogre (D:6)
  A centaur (D:6)
  A bullfrog (D:9)
  2 killer bees (D:9)
  A howler monkey (D:8)
  2 centaur zombies
  A gnoll shaman (D:8)
  An orc wizard (D:8)
  5 gnolls
  A white imp (D:8)
  An orc (Bailey)
  A hobgoblin (Bailey)
  9 kobolds
39 creatures vanquished.

Vanquished Creatures (others)
  7 battlemagi
  2 ancestors
  16 fungi (D:9)
  6 plants
31 creatures vanquished.

Grand Total: 341 creatures vanquished

Notes
Turn   | Place    | Note
-------+----------+-------------------------------------------
     0 | D:1      | cbfl8 the Minotaur Fighter began the quest for the Orb.
     0 | D:1      | Reached XP level 1. HP: 19/19 MP: 0/0
   163 | D:1      | Reached XP level 2. HP: 27/27 MP: 1/1
   424 | D:1      | Reached XP level 3. HP: 32/33 MP: 2/2
   496 | D:1      | Reached skill level 3 in Axes
  1389 | D:3      | Reached skill level 1 in Evocations
  1783 | D:3      | Reached XP level 4. HP: 28/40 MP: 3/3
  2258 | D:3      | Reached skill level 4 in Axes
  2258 | D:3      | Reached XP level 5. HP: 22/46 MP: 4/4
  2664 | D:3      | Found a faded altar of an unknown god.
  2810 | D:4      | Found Ubej's Jewellery Shop.
  2953 | D:4      | Found a staircase to the Ecumenical Temple.
  3023 | Temple   | Entered the Ecumenical Temple
  3186 | Temple   | Became a worshipper of Hepliaklqana the Forgotten
  3363 | D:4      | Reached XP level 6. HP: 47/53 MP: 5/5
  3524 | D:4      | Reached skill level 5 in Armour
  3599 | D:4      | Found Efour's Armour Emporium.
  3764 | D:4      | Identified the +7 whip of Compulsion {freeze, Contam rF+
                  | rC+ Stlth+}
  3947 | D:4      | Found a burning altar of Makhleb.
  3947 | D:4      | Noticed a blizzard demon
  3992 | D:5      | Entered Level 5 of the Dungeon
  4078 | D:5      | Noticed Prince Ribbit
  4126 | D:5      | Killed Prince Ribbit
  4127 | D:5      | Reached skill level 5 in Fighting
  4127 | D:5      | Reached skill level 5 in Axes
  4127 | D:5      | Reached XP level 7. HP: 12/61 MP: 6/6
  4698 | D:5      | Found Able's Armour Shoppe.
  4723 | D:5      | Reached skill level 6 in Axes
  4736 | D:5      | Found Poaham's Antique Weapon Emporium.
  4812 | D:5      | Found Sotexela's Antique Weapon Emporium.
  5137 | D:5      | Found Necuruj's Distillery.
  5145 | D:5      | Bought a potion of heal wounds for 60 gold pieces
  5145 | D:5      | Bought a potion of heal wounds for 60 gold pieces
  5375 | D:5      | Reached XP level 8. HP: 53/69 MP: 7/7
  5634 | D:6      | Reached skill level 7 in Axes
  6210 | D:6      | Reached * piety under Hepliaklqana
  6223 | D:6      | Noticed Eustachio
  6247 | D:6      | Killed Eustachio
  6248 | D:6      | Reached skill level 5 in Shields
  6961 | D:5      | Bought an encrusted broad axe for 198 gold pieces
  6961 | D:5      | Identified the +3 broad axe "Arenis" {vorpal, rN+ rCorr
                  | Str+6 Int-5 Stlth+} (You bought it in a shop on level 5 of
                  | the Dungeon)
  7150 | D:6      | Reached skill level 8 in Axes
  7969 | D:7      | Reached XP level 9. HP: 67/67 MP: 8/8
  8047 | D:7      | Noticed Menkaure
  8057 | D:7      | Killed Menkaure
  8344 | D:7      | Noticed Pikel
  8351 | D:7      | Killed Pikel
  8352 | D:7      | Reached skill level 9 in Axes
  8352 | D:7      | Reached skill level 5 in Evocations
  8902 | D:8      | Found a flagged portal.
  8914 | Bailey   | Entered a bailey
  8984 | Bailey   | Reached ** piety under Hepliaklqana
  8986 | Bailey   | Remembered your ancestor Valentine as a battlemage
  9105 | Bailey   | Got the Disquisition on Creative Stones
  9428 | D:8      | Reached skill level 10 in Axes
  9529 | D:8      | Reached XP level 10. HP: 71/77 MP: 9/9
  9675 | D:8      | Reached skill level 11 in Axes
 10087 | D:9      | Reached skill level 12 in Axes
 10320 | D:9      | Reached skill level 10 in Armour
 10339 | D:9      | Found a staircase to the Orcish Mines.
 10417 | D:9      | Found a staircase to the Lair.
 10430 | D:9      | Reached XP level 11. HP: 76/85 MP: 10/10
 10908 | D:9      | Reached *** piety under Hepliaklqana
 11007 | D:5      | Bought 2 potions of curing for 72 gold pieces
 11007 | D:5      | Bought a potion of mutation for 96 gold pieces
 11007 | D:5      | Gained mutation: You are strong-willed. (Will+) [potion of
                  | mutation]
 11007 | D:5      | Gained mutation: You are highly strong-willed. (Will++)
                  | [potion of mutation]
 11008 | D:5      | Bought a potion of haste for 120 gold pieces
 11089 | D:10     | Entered Level 10 of the Dungeon
 11089 | D:10     | Found Bediosh's General Store.
 11098 | D:10     | Bought a scroll of teleportation for 45 gold pieces
 11098 | D:10     | Bought a wand of mindburst (9) for 195 gold pieces
 11356 | D:10     | Noticed a two-headed ogre
 11360 | D:10     | Killed a two-headed ogre
 11361 | D:10     | Reached skill level 13 in Axes
 11636 | D:10     | Noticed Nergalle
 11643 | D:10     | Killed Nergalle
 11672 | D:10     | Noticed Harold
 11684 | D:10     | Killed Harold
 11832 | D:10     | Noticed Sonja
 11834 | D:10     | Killed Sonja
 12062 | D:10     | Noticed Maurice
 12069 | D:10     | Killed Maurice
 12148 | D:10     | Found a portal to a secret trove of treasure.
 12195 | D:10     | Noticed a two-headed ogre
 12201 | D:10     | Killed a two-headed ogre
 12657 | D:11     | Reached skill level 14 in Axes
 12778 | D:11     | Reached **** piety under Hepliaklqana
 12949 | D:11     | Noticed a two-headed ogre
 12949 | D:11     | Noticed a two-headed ogre
 12952 | D:11     | Noticed a two-headed ogre
 12958 | D:11     | Killed a two-headed ogre
 13091 | D:11     | Killed a two-headed ogre
 13096 | D:11     | Killed a two-headed ogre
 13097 | D:11     | Reached XP level 12. HP: 45/95 MP: 11/11
 13326 | D:11     | Reached skill level 10 in Fighting
 13526 | D:11     | Noticed a boulder beetle
 13536 | D:11     | Killed a boulder beetle
 13971 | D:12     | Reached skill level 15 in Axes
 14013 | D:12     | Noticed a four-headed hydra
 14019 | D:12     | Killed a seven-headed hydra
 14178 | D:12     | Noticed an eight-headed hydra
 14198 | D:12     | Killed an eight-headed hydra
 14524 | D:12     | Noticed a two-headed ogre
 14529 | D:12     | Killed a two-headed ogre
 14540 | D:12     | Noticed Jorgrun
 14553 | D:12     | Slain by Jorgrun

Illustrated notes

Levels and vault maps discovered:
D:1:      beargit_arrival_greenhouse, layout_rooms
D:2:      layout_basic
D:3:      layout_rooms, hellmonk_ecumenical_altar_defaced_shrine, serial_curves,
          eino_curves_01, eino_curves_01, minmay_misc_feat_doors,
          bh_walls_and_bars
D:4:      layout_loops_ring, makhleb_altar_promises_db,
          minmay_temple_entry_drinking_statues, serial_shops,
          nicolae_lakefront_shop, kennysheep_little_box
D:5:      layout_basic, serial_shops, nicolae_shop_overgrown_old_shop, shop,
          nicolae_shop_waterfront, shop, uniq_prince_ribbit1
D:6:      layout_gridville, uniq_eustachio
D:7:      layout_basic, uniq_menkaure, uniq_pikel
D:8:      layout_rooms, serial_corexii_hall, corexii_hall_statues_x,
          chequers_hall_statues_wall_a, enter_bailey_6, minmay_nine_imps
D:9:      layout_roguey, due_lair_maze_entry_diamond, special_room
          [special_room_bee]
D:10:     layout_basic, serial_shops, shop, enter_trove_3, uniq_harold,
          uniq_sonja, uniq_nergalle, uniq_maurice
D:11:     minmay_spotlight, layout_loops_corners, serial_park_tiny_2
D:12:     layout_loops_cross, grunt_decor_cap, uniq_jorgrun
Temple:   regret_index_temple_sigil_plot

Skill      XL: |  1  2  3  4  5  6  7  8  9 10 11 12 |
---------------+-------------------------------------+-----
Armour         | 4 5 6 7 9 10 11 12 | 12.1
Shields        | 4 5 6 7 8 |  8.0
Axes           | 3 4 5 6 8 10 12 14 15 | 15.5
Fighting       | 4 5 6 7 8 9 10 | 10.8
Evocations     | 1 2 3 4 5 7 8 9 |  9.0

Action                   |  1- 3 |  4- 6 |  7- 9 | 10-12 || total
-------------------------+-------+-------+-------+-------++-------
Melee: War axe           |   103 |    80 |    98 |       ||   281
       Headbutt          |    11 |     8 |    43 |    67 ||   129
       Broad axe         |       |       |   106 |   296 ||   402
Invok: Ancestor Identity |       |       |     2 |       ||     2
       Recall Ancestor   |       |       |     1 |       ||     1
       Ancestor Life: Ba |       |       |     1 |       ||     1
Evoke: Wand              |       |     1 |     3 |    21 ||    25
  Use: Potion            |       |     5 |     1 |     3 ||     9
       Scroll            |       |       |     5 |     6 ||    11
 Stab: Distracted        |       |       |     1 |     4 ||     5
       Paralysed         |       |       |       |     6 ||     6
Armor: Scale mail        |    43 |    24 |       |       ||    67
       Chain mail        |       |    22 |   150 |   203 ||   375
Dodge: Dodged            |    49 |    39 |   107 |   150 ||   345
Block: Buckler           |    19 |    21 |    82 |   100 ||   222
